 Dungeon Crawl Stone Soup version 0.27.1-33-g824d729ab1 (webtiles) character file.

Game seed: 10481525096169230544

32 zeram the Vexing (level 3, -2/19 HPs)
             Began as a Deep Elf Enchanter on Dec 10, 2021.
             Slain by Natasha (4 damage)
             ... on level 2 of the Dungeon.
             The game lasted 00:02:38 (1934 turns).

zeram the Vexing (Deep Elf Enchanter)               Turns: 1934, Time: 00:02:39

Health: -2/19      AC:  2    Str:  5    XL:     3   Next: 10%
Magic:  3/10       EV: 13    Int: 20    God:
Gold:   54         SH:  0    Dex: 15    Spells: 3/9 levels left

rFire    . . .     SeeInvis .   a - +1 dagger
rCold    . . .     Faith    .   (no shield)
rNeg     . . .     Spirit   .   b - +0 robe
rPois    .         Reflect  .   (no helmet)
rElec    .         Harm     .   (no cloak)
rCorr    .         Rampage  .   (no gloves)
Will     .....                  (no boots)
Stlth    ++........             (no amulet)
HPRegen  0.06/turn              (no ring)
MPRegen  0.12/turn              (no ring)

@: no status effects
A: no striking features
a: no special abilities


You were on level 2 of the Dungeon.
You visited 1 branch of the dungeon, and saw 2 of its levels.

You collected 54 gold pieces.

Inventory:

Hand Weapons
 a - a +1 dagger (weapon)
Armour
 b - a +0 robe (worn)
Potions
 c - a potion of might
 d - a potion of curing
 e - a potion of degeneration {unknown}
 f - a potion of lignification {unknown}


   Skills:
 - Level 1.0 Short Blades
 + Level 2.8 Dodging
 - Level 3.6 Stealth
 + Level 3.6 Spellcasting
 + Level 5.0 Hexes


You had 3 spell levels left.
You knew the following spells:

 Your Spells              Type           Power      Damage    Failure   Level
a - Corona                Hex            25%        N/A       1%          1
b - Ensorcelled Hibernat  Hex/Ice        26%        N/A       7%          2
c - Tukima's Dance        Hex            23%        N/A       4%          3

Your spell library contained the following spells:

 Spells                   Type           Power      Damage    Failure   Level
 Confusing Touch          Hex            23%        N/A       4%          3
 Dazzling Flash           Conj/Hex       26%        N/A       14%         3


Dungeon Overview and Level Annotations

Branches:
Dungeon (2/15)

Altars:

Annotations:
D:2 Natasha


Message History

Natasha howls an incantation.
You feel disoriented.
Casting: Ensorcelled Hibernation (safe; 8% risk of failure)
Confirm with . or Enter, or press ? or * to list all spells.
Aiming: Ensorcelled Hibernation (safe; 8% risk of failure)
Press: ? - help, Shift-Dir - straight line, f - Natasha, p - orc
Aim: Natasha (chance to affect: 44%)
The orc is unaffected.
The orc closely misses you.
You hit the orc.
The orc is almost dead.
The orc barely misses you.
You closely miss the orc.
The orc is almost dead.
The orc hits you with a +0 whip.
You closely miss the orc.
The orc is almost dead.
The orc hits you with a +0 whip.
Natasha mumbles some strange words.
You hit the orc.
You kill the orc!
Casting: Ensorcelled Hibernation (safe; 7% risk of failure)
Confirm with . or Enter, or press ? or * to list all spells.
Aiming: Ensorcelled Hibernation (safe; 7% risk of failure)
Press: ? - help, Shift-Dir - straight line, f/p - Natasha
Aim: Natasha (chance to affect: 44%) Natasha resists with some effort.
Natasha stares at you and mumbles some strange words.
The magic dart hits you.
You hit Natasha.
Natasha is lightly wounded.
Natasha stares at you and mumbles some strange words.
The magic dart hits you.
* * * LOW HITPOINT WARNING * * *
Casting: Ensorcelled Hibernation (safe; 7% risk of failure)
Confirm with . or Enter, or press ? or * to list all spells.
Aiming: Ensorcelled Hibernation (safe; 7% risk of failure)
Press: ? - help, Shift-Dir - straight line, f/p - Natasha
Aim: Natasha (lightly wounded, chance to affect: 44%) Natasha resists with some effort.
Natasha claws you.
You die...

#.# #..# #.######<.#
#.##......# #.##.###.##
#.##.# #.# #.##.# #.# #
#####.##.###.###
....####..............#
#...5lh@............#.#
#.##.################


You could see Natasha, a shadow imp (summoned) and a frilled lizard.

Vanquished Creatures
  An orc (D:2)
  5 bats (D:1)
  4 endoplasms (D:1)
  4 giant cockroaches (D:1)
  3 goblins (D:1)
  3 hobgoblins (D:1)
  4 ball pythons (D:1)
  A frilled lizard (D:1)
  A kobold (D:1)
26 creatures vanquished.

Notes
Turn   | Place    | Note
-------+----------+-------------------------------------------
     0 | D:1      | zeram the Deep Elf Enchanter began the quest for the Orb.
     0 | D:1      | Reached XP level 1. HP: 10/10 MP: 6/6
   479 | D:1      | Reached XP level 2. HP: 15/15 MP: 8/8
   731 | D:1      | Learned a level 2 spell: Ensorcelled Hibernation
  1538 | D:1      | Reached XP level 3. HP: 12/19 MP: 10/10
  1539 | D:1      | Reached skill level 5 in Hexes
  1905 | D:2      | Learned a level 3 spell: Tukima's Dance
  1925 | D:2      | Noticed Natasha
  1934 | D:2      | Slain by Natasha

Illustrated notes

Levels and vault maps discovered:
D:1:      dpeg_arrival_round_a, layout_basic, eino_curves_02
D:2:      layout_loops_ring, basic_altar, kennysheep_path_1, uniq_natasha,
          uniq_robin

Skill      XL: |  1  2  3 |
---------------+----------+-----
Hexes          | 5 |  5.0
Short Blades   | |  1.0
Dodging        | |  2.8
Stealth        | |  3.6
Spellcasting   | |  3.6

Action                   || total
-------------------------++-------
Melee: Dagger            ||    80
 Cast: Corona            ||     7
       Ensorcelled Hiber ||     8
  Use: Scroll            ||     4
 Stab: Sleeping          ||    13
Armor: Robe              ||    12
Dodge: Dodged            ||    47
